 Dungeon Crawl Stone Soup version 0.31.0-2-g5a2aebc5c2 (webtiles) character file.

Game seed: 6368613070716806330

13911 BeingJoeMalik the Severer (level 12, 0/71 (72) HPs)
             Began as a Tengu Fighter on Jan 20, 2024.
             Was an Elder of Kikubaaqudgha.
             Slain by a komodo dragon (28 damage)
             ... on level 1 of the Lair of Beasts.
             The game lasted 00:31:04 (9931 turns).

BeingJoeMalik the Severer (Tengu Fighter)           Turns: 9931, Time: 00:31:04

HP:   0/71 (72)     AC:  8    Str: 19    XL:     12   Next: 11%
MP:   21/21         EV: 18    Int: 12    God:    Kikubaaqudgha [****..]
Gold: 733           SH:  6    Dex: 13    Spells: 14/22 levels left

rFire   + . .        r - +11 hand axe "Niecvi Isuf" {heavy, rElec rN+ Will+}
rCold   + . .        c - +1 buckler
rNeg    + . .        A - +0 scale mail {rF+}
rPois   .            (helmet restricted)
rElec   +            q - scarf {repulsion}
rCorr   .            w - +0 pair of gloves {Stlth+}
SInv    .            (boots unavailable)
Will    +....        (no amulet)
Stlth   +            s - ring of protection from cold
HPRegen 0.31/turn    C - +5 ring of evasion
MPRegen 0.17/turn

%: repel missiles, acrobat
@: flying, lightly drained
A: beak, talons 3, evasive flight, acrobatic
a: Renounce Religion, Unearth Wretches


You were on level 1 of the Lair of Beasts.
You worshipped Kikubaaqudgha.
Kikubaaqudgha was greatly pleased with you.
You visited 3 branches of the dungeon, and saw 14 of its levels.
You also visited: Bailey.

You collected 733 gold pieces.

Inventory:

Hand Weapons
 a - a +0 trident of flaming
 p - a +1 vampiric spear
 r - the +11 hand axe "Niecvi Isuf" (weapon) {heavy, rElec rN+ Will+}
   (You found it on level 3 of the Dungeon)

   rElec:     It insulates you from electricity.
   rN+:       It protects you from negative energy.
   Will+:     It increases your willpower.
Missiles
 v - 3 throwing nets (quivered)
Armour
 c - a +1 buckler (worn)
 q - a scarf of repulsion (worn)
 w - a +0 pair of gloves of stealth (worn)
 A - a +0 scale mail of fire resistance (worn)
 G - a +0 cloak
Jewellery
 s - a ring of protection from cold (left hand)
 t - a ring of positive energy
 z - a +6 ring of dexterity
 C - a +5 ring of evasion (right hand)
 J - a +6 ring of strength
Wands
 e - a wand of flame (13)
 o - a wand of mindburst (24)
 D - a wand of roots (11)
 E - a wand of charming (5)
 H - a wand of acid (12)
Scrolls
 f - 6 scrolls of identify
 g - 2 scrolls of fear
 j - 2 scrolls of enchant armour
 k - 3 scrolls of enchant weapon
 l - 3 scrolls of amnesia
 x - a scroll of immolation
 y - 2 scrolls of revelation
 B - 2 scrolls of vulnerability
Potions
 b - 2 potions of enlightenment
 h - 2 potions of heal wounds
 i - 4 potions of curing
 m - 4 potions of haste
 n - 2 potions of brilliance
 u - 5 potions of mutation
 F - 2 potions of magic


   Skills:
 + Level 7.3 Fighting
 + Level 15.2(15.6) Axes
 - Level 5.8(11.5) Polearms
 + Level 5.1 Armour
 + Level 1.2 Dodging
 + Level 3.5 Shields
 * Level 5.7 Spellcasting
 * Level 6.9 Necromancy


You had 14 spell levels left.
You knew the following spells:

 Your Spells              Type           Power      Damage    Failure   Level
a - Necrotise             Necr           80%        1d8       3%          1
b - Fugue of the Fallen   Necr           20%        N/A       11%         3
c - Dispel Undead         Necr           20%        3d11      36%         4

Your spell library contained the following spells:

 Spells                   Type           Power      Damage    Failure   Level
 Sublimation of Blood     Necr           20%        N/A       5%          2
 Cigotuvi's Dreadful Rot  Necr/Alch/Air  18%        N/A       36%         2
 Curse of Agony           Necr           20%        N/A       71%         5
 Anguish                  Hex/Necr       5%         N/A       83%         4
 Martyr's Knell           Necr/Summ      11%        N/A       83%         4
 Dazzling Flash           Conj/Hex       6%         N/A       89%         3
 Mephitic Cloud           Conj/Alch/Air  3%         N/A       89%         3
 Ozocubu's Armour         Ice            3%         N/A       89%         3
 Ignite Poison            Fire/Alch      3%         N/A       100%        4
 Manifold Assault         Tloc           3%         N/A       100%        4
 Petrify                  Alch/Erth      3%         N/A       100%        4
 Freezing Cloud           Conj/Ice/Air   1%         6-21      100%        5
 Irradiate                Conj/Alch      1%         3d12      100%        5
 Silence                  Hex/Air        1%         N/A       100%        5


Dungeon Overview and Level Annotations

Branches:
Dungeon (11/15)            Temple (1/1) D:6            Lair (2/5) D:10
 Bailey (visited)
  Swamp: Lair:2-3    Shoals: Lair:2-3     Snake: Lair:2-3    Spider: Lair:2-3
    Orc: D:9-12

Altars:
Ashenzari
Cheibriados
Dithmenos
Elyvilon
Fedhas
Gozag
Hepliaklqana
Kikubaaqudgha
Makhleb
Nemelex Xobeh
Okawaru
Qazlal
Ru
Sif Muna
Trog
Uskayaw
Vehumet
Wu Jian
Xom
Yredelemnul
Zin
The Shining One

Shops:
D:7 [([=

Annotations:
Lair:2 Harold


Innate Abilities, Weirdness & Mutations

You have a beak for a mouth.
You have claws for feet.
Your magical flight helps you evade attacks. (EV +4)
You can magically evade attacks while moving or waiting.


Message History

The hell rat is heavily wounded.
You slash the hell rat!
You hear a croak.
You hear a howl!
The hell rat completely misses you.
The hell rat bites you but does no damage.
The blink frog blinks!
The hell rat completely misses you.
You slash the hell rat!
You kill the hell rat!
Kikubaaqudgha accepts your kill.
You slash the hell rat!
You kill the hell rat!
Kikubaaqudgha accepts your kill.
You hit the hell rat. The hell rat bites you. You partially resist.
You feel drained.
The blink frog blinks!
The hell rat attacks as it pursues you! The hell rat completely misses you.
The komodo dragon completely misses you.
There is a stone staircase leading up here.
Unknown command.
You hit the komodo dragon but do no damage.
Your peck misses the komodo dragon. You slash the komodo dragon!
Harold the Weathered comes into view.
He is wielding a +2 flail of holy wrath and quivering 4 throwing nets.
The komodo dragon bites you! The komodo dragon closely misses you.
You block the blink frog's attack.
Unknown command.
The hell rat barely misses you. You block the komodo dragon's attack.
You block the blink frog's attack. The komodo dragon bites you!!
You fly upwards.
There is a stone staircase leading down here.
Unknown command.
Unknown command.
Unknown command.
You are too injured to fight recklessly!
Unknown command.
You slash the blink frog! You claw the blink frog.
The blink frog is severely wounded.
You slash the hell rat! You slash the komodo dragon!
You hit the komodo dragon but do no damage.
The blink frog misses you. The komodo dragon bites you!!
You die...
Kikubaaqudgha rasps: "You have failed me!
Welcome... death!"

##...##..#.)........##..
#P..................P...
##.........#............
#.........#............
####.####.#..#....#PP.#.).
###....# #.........###..#..
#....### #..#.....###......
#....# #rl..#.#.###......
##...^######@F.####...#......
#..#..#....#l..# ##.....#....
#>..#.....#....# #......###..
##...#.....#....###......##...
#............................#
#.........##...##..~~~~..#..)#
#.........#...##..~≈≈~≈~~.....
######........#..~≈≈≈~≈≈~.....
#.####......~~≈≈≈≈≈≈~.....


You could see 2 komodo dragons, a blink frog and a hell rat.

Vanquished Creatures
  A skeletal warrior (D:10)
  Pikel (D:4)
  An orc knight (Bailey)
  A deep elf pyromancer (Bailey)
  A black mamba (Lair:1)
  Joseph (Lair:1)
  A gargoyle (D:9)
  2 cane toads (Lair:1)
  Jeremiah (D:8)
  A rime drake (D:10)
  3 polar bears
  Grinder (D:3)
  A shadow (D:9)
  Eustachio (D:6)
  3 wyverns
  18 yaks
  A steam dragon (D:8)
  Menkaure (D:5)
  An acid dragon (D:10)
  4 water moccasins
  7 orc warriors
  A sky beast (D:7)
  8 ice beasts
  3 black bears
  3 ogres (D:6)
  2 centaurs
  A wolf (D:10)
  4 phantoms
  3 kobold brigands
  2 lemures (D:4)
  5 bullfrogs
  3 scorpions
  5 wights (D:8)
  9 killer bees
  An electric eel (Lair:1)
  4 howler monkeys (D:9)
  3 bombardier beetles
  A hound (D:6)
  2 jellies (D:7)
  7 orc priests
  Terence (D:3)
  Ijyb (D:2)
  2 iguanas (D:4)
  12 orc wizards
  2 hell rats (Lair:2)
  4 gnolls
  7 adders
  A white imp (D:6)
  4 ufetubi
  A dart slug (D:1)
  42 orcs
  6 ball pythons
  10 endoplasms
  3 giant cockroaches
  8 goblins
  6 hobgoblins
  10 jackals (D:1)
  4 quokkas
  3 bats
  4 frilled lizards
  16 kobolds
  7 rats
273 creatures vanquished.

Notes
Turn   | Place    | Note
-------+----------+-------------------------------------------
     0 | D:1      | BeingJoeMalik the Tengu Fighter began the quest for the
                  | Orb.
     0 | D:1      | Reached XP level 1. HP: 14/14 MP: 2/2
   102 | D:1      | Reached XP level 2. HP: 19/19 MP: 3/3
   356 | D:1      | Reached XP level 3. HP: 23/23 MP: 4/4
   858 | D:2      | Reached XP level 4. HP: 28/28 MP: 5/5
  1038 | D:2      | Found an ancient bone altar of Kikubaaqudgha.
  1048 | D:2      | Became a worshipper of Kikubaaqudgha
  1272 | D:3      | Noticed Ijyb
  1283 | D:2      | Killed Ijyb
  1284 | D:2      | Reached skill level 5 in Polearms
  1383 | D:3      | Reached XP level 5. HP: 32/32 MP: 6/6
  1463 | D:3      | Identified the +11 hand axe "Niecvi Isuf" {heavy, rElec rN+
                  | Will+}
  1485 | D:3      | Noticed Terence
  1573 | D:3      | Killed Terence
  1574 | D:3      | Reached skill level 1 in Axes
  1624 | D:3      | Found a hazy altar of Hepliaklqana.
  1677 | D:3      | Found a faded altar of an unknown god.
  2068 | D:3      | Noticed Grinder
  2076 | D:3      | Killed Grinder
  2077 | D:3      | Reached skill level 4 in Axes
  2077 | D:3      | Reached XP level 6. HP: 37/37 MP: 7/7
  2080 | D:3      | Found a broken altar of Ashenzari.
  2095 | D:3      | Found a glowing silver altar of Zin.
  2138 | D:3      | Found a blossoming altar of Fedhas.
  2281 | D:4      | Reached * piety under Kikubaaqudgha
  2281 | D:4      | Received a gift from Kikubaaqudgha
  2284 | D:4      | Reached skill level 5 in Axes
  2285 | D:4      | Gained mutation: Your magical flight helps you evade
                  | attacks. (EV +4) [Tengu growth]
  2285 | D:4      | Reached XP level 7. HP: 19/41 MP: 8/8
  2391 | D:4      | Reached skill level 6 in Axes
  2445 | D:4      | Found a white marble altar of Elyvilon.
  2604 | D:4      | Reached skill level 7 in Axes
  2649 | D:4      | Found a basalt altar of Yredelemnul.
  2841 | D:4      | Noticed Pikel
  2858 | D:4      | Killed Pikel
  2859 | D:4      | Reached skill level 9 in Axes
  2859 | D:4      | Reached XP level 8. HP: 32/46 MP: 9/9
  3230 | D:5      | Entered Level 5 of the Dungeon
  3418 | D:5      | Noticed Menkaure
  3428 | D:5      | Killed Menkaure
  3429 | D:5      | Reached skill level 10 in Axes
  3463 | D:5      | Found an opulent altar of Gozag.
  3504 | D:5      | Reached ** piety under Kikubaaqudgha
  3505 | D:5      | Reached XP level 9. HP: 48/50 MP: 10/10
  3554 | D:5      | Learned a level 1 spell: Necrotise
  3558 | D:5      | Learned a level 3 spell: Fugue of the Fallen
  3654 | D:5      | Reached skill level 11 in Axes
  3654 | D:5      | Reached skill level 1 in Necromancy
  3712 | D:5      | Reached skill level 1 in Spellcasting
  3941 | D:6      | Found an ancient bone altar of Kikubaaqudgha.
  3961 | D:6      | Noticed Eustachio
  4003 | D:6      | Killed Eustachio
  4100 | D:6      | Found a staircase to the Ecumenical Temple.
  4234 | D:6      | Reached skill level 12 in Axes
  4375 | Temple   | Entered the Ecumenical Temple
  4511 | D:7      | Found Joclo's Armour Shoppe.
  4569 | D:7      | Found a sacrificial altar of Ru.
  4570 | D:7      | Noticed a +0 hand axe
  4590 | D:7      | Noticed a +0 dagger
  4592 | D:7      | Found a hide-covered altar of Uskayaw.
  4632 | D:7      | Reached XP level 10. HP: 52/56 MP: 15/15
  4679 | D:7      | Found an iron altar of Okawaru.
  4725 | D:7      | Found Kinaucuf's Weapon Boutique.
  4741 | D:7      | Reached *** piety under Kikubaaqudgha
  4741 | D:7      | Received a gift from Kikubaaqudgha
  4900 | D:7      | Learned a level 4 spell: Dispel Undead
  4975 | D:7      | Found a sparkling altar of Nemelex Xobeh.
  5011 | D:7      | Found a stormy altar of Qazlal.
  5072 | D:7      | Found Yrhiac's Jewellery Shoppe.
  5208 | D:7      | Found Qulour's Armour Boutique.
  5396 | D:8      | Reached skill level 13 in Axes
  5405 | D:8      | Found a flagged portal.
  5427 | D:8      | Identified the +9 spear "Inaeb" {holy, *Noise rElec Str+9
                  | Stlth+}
  5430 | Bailey   | Entered a bailey
  5532 | Bailey   | Noticed an orc knight
  5859 | Bailey   | Killed an orc knight
  6022 | Bailey   | Found a large runed translucent door.
  6022 | Bailey   | Found a large runed translucent door.
  6023 | Bailey   | Noticed a deep elf pyromancer
  6097 | Bailey   | Killed a deep elf pyromancer
  6098 | Bailey   | Reached skill level 5 in Fighting
  6201 | Bailey   | Identified the staff of Death {rPois rC+ Alchemy}
  6323 | D:8      | Noticed Jeremiah
  6698 | D:8      | Found an ornate altar of the Wu Jian Council.
  6770 | D:8      | Killed Jeremiah
  6771 | D:8      | Reached skill level 5 in Necromancy
  6873 | D:8      | Found a shimmering blue altar of Sif Muna.
  6886 | D:8      | Reached **** piety under Kikubaaqudgha
  6985 | D:9      | Reached skill level 14 in Axes
  6987 | D:9      | Reached XP level 11. HP: 41/64 MP: 15/18
  7218 | D:9      | Found a shadowy altar of Dithmenos.
  7807 | D:10     | Entered Level 10 of the Dungeon
  8115 | D:10     | Found a staircase to the Lair.
  8136 | D:10     | Reached skill level 5 in Spellcasting
  8582 | D:11     | Noticed a red ugly thing
  8631 | D:11     | Noticed a skeletal warrior
  8631 | D:11     | Noticed a skeletal warrior
  8631 | D:11     | Noticed a skeletal warrior
  8801 | D:10     | Killed a skeletal warrior
  8802 | D:10     | Reached skill level 15 in Axes
  8837 | Lair:1   | Entered Level 1 of the Lair of Beasts
  9048 | Lair:1   | HP: 3/66 [yak (13)]
  9359 | Lair:1   | Noticed Joseph
  9370 | Lair:1   | Killed Joseph
  9371 | Lair:1   | Reached skill level 1 in Dodging
  9453 | Lair:1   | Reached XP level 12. HP: 64/72 MP: 21/21
  9808 | Lair:1   | Reached skill level 5 in Armour
  9922 | Lair:2   | Noticed a five-headed hydra
  9928 | Lair:2   | Noticed Harold
  9931 | Lair:1   | Slain by a komodo dragon

Illustrated notes

Levels and vault maps discovered:
D:1:      nicolae_arrival_memento_mori, layout_loops_ring
D:2:      layout_loops_cross, basic_altar, minmay_tromino_v2
D:3:      layout_basic, ashenzari_conservatory_becter, zin_treasury,
          mainiacjoe_overflow_catch_the_wave, dreamdust_ecumenical_altar_grove,
          uniq_terence, uniq_grinder, uniq_ijyb
D:4:      layout_basic, elyvilon_altar_5, mainiacjoe_overflow_24_doors,
          kennysheep_nub, lexackson_kobold_supper, uniq_pikel
D:5:      layout_gridville, nicolae_gozag_seed_capital, uniq_menkaure
D:6:      layout_rooms, nicolae_kikubaaqudgha_miasma_corner, temple_statues,
          uniq_eustachio
D:7:      layout_cave_pools, kennysheep_okawaru_gauntlet,
          nemelex_diamond_rough_becter, lemuel_crystal_altar,
          mainiacjoe_overflow_surrounded_room, dancing_weapons_uskayaw,
          serial_shops, nicolae_shop_window_shopping, shop,
          nicolae_take_the_stairs, nicolae_square_shop, nrook_mini_vaults
D:8:      layout_gridville, nicolae_wu_jian_immortal_techniques,
          mainiacjoe_overflow_chevrons, enter_bailey_2, uniq_jeremiah
D:9:      layout_long_grid, grunt_dithmenos_shadows
D:10:     layout_irregular_city, hellmonk_lair_entry_icy, grunt_ministairs_2
D:11:     layout_basic, orc_0_dummy
Temple:   nicolae_temple_stand_before_the_council
Lair:1:   layout_misc_corridors, gammafunk_lair_bear_cave,
          infiniplex_staircase_pool, lemuel_fruit_tree, uniq_joseph
Lair:2:   dragon1_lemuel, layout_regular_city, swamp_mist,
          guppyfry_snake_entry_island, nicolae_volcano_entry_vermiform,
          uniq_harold, uniq_maggie, uniq_urug

Skill      XL: |  1  2  3  4  5  6  7  8  9 10 11 12 |
---------------+-------------------------------------+-----
Polearms       | 3 4 5 |  5.8
Axes           | 4 5 9 10 12 14 15 | 15.2
Necromancy     | 3 5 6 |  6.9
Spellcasting   | 2 4 5 |  5.7
Fighting       | 5 7 |  7.3
Armour         | 4 5 |  5.1
Dodging        | 1 |  1.2
Shields        | |  3.5

Action                     |  1- 3 |  4- 6 |  7- 9 | 10-12 || total
---------------------------+-------+-------+-------+-------++-------
  Melee: Trident           |   106 |    43 |       |       ||   149
         Kick              |    19 |    10 |    33 |    64 ||   126
         Peck              |    13 |     6 |    27 |    45 ||    91
         Hand axe          |       |    18 |   174 |   280 ||   472
  Throw: Throwing net      |       |       |     1 |       ||     1
   Cast: Necrotise         |       |       |       |     5 ||     5
  Evoke: Wand              |       |     3 |       |    11 ||    14
    Use: Potion            |       |     1 |       |     6 ||     7
         Scroll            |       |       |    13 |     8 ||    21
   Stab: Held in net/web   |       |       |     1 |       ||     1
         Distracted        |       |       |       |     1 ||     1
 Armour: Scale mail        |    42 |    26 |    81 |   119 ||   268
  Dodge: Dodged            |    37 |    14 |   121 |   286 ||   458
         Repelled          |       |       |     3 |     6 ||     9
  Block: Buckler           |    18 |    11 |    39 |    64 ||   132
